TOP OF THE 1ST |
Miami (APP) Marlins batting - Pitching for Ogden Raptors : RHP Ian Wilson
|
Pitching: RHP Ian Wilson
|
|
Batting: RHB Adrian Bocker
|
0-0: Swinging Strike 0-1: Ball 1-1: Ball 2-1: Foul Ball, location: 2F 2-2: Foul Ball, location: 2F 2-2: Foul Ball, location: 2F 2-2: Strikes out looking
|
Batting: RHB Jason Thrash
|
0-0: Foul Ball, location: 2F 0-1: Foul Ball, location: 2F 0-2: Foul Ball, location: 2F 0-2: Ground out 4-3 (Groundball, 4M, EV 88.1 MPH)
|
Batting: RHB Mario Cota
|
0-0: Ball 1-0: SINGLE (Line Drive, 7S, EV 94.4 MPH)
|
Batting: SHB Matt Moore
|
0-0: Swinging Strike 0-1: Ball 1-1: Ball 2-1: Ball 3-1: Foul Ball, location: 2F 3-2: Ground out 4-3 (Groundball, 34, EV 87.5 MPH)
|
Top of the 1st over - 0 runs, 1 hit, 0 errors, 1 left on base; Miami (APP) 0 - Ogden 0 |
BOTTOM OF THE 1ST |
Ogden Raptors batting - Pitching for Miami (APP) Marlins : RHP Adam Brown
|
Pitching: RHP Adam Brown
|
|
Batting: SHB Darius Vinson
|
0-0: Called Strike 0-1: Called Strike 0-2: Strikes out swinging, 2-3 out at first.
|
Batting: LHB Santiago Chavira
|
0-0: Swinging Strike 0-1: Ball 1-1: Called Strike 1-2: Ball 2-2: Ball 3-2: Base on Balls
|
Batting: LHB Mike Dickinson
|
0-0: Ball 1-0: Ball 2-0: 2-RUN HOME RUN (Line Drive, 78XD, EV 115.6 MPH), Distance : 443 ft
|
Batting: LHB Mitchell Casey
|
0-0: Ball 1-0: SINGLE (Groundball, 6D, EV 101.2 MPH)
|
Batting: LHB Stephen Van Raalte
|
0-0: Ball 1-0: Foul Ball, location: 2F 1-1: Swinging Strike 1-2: SINGLE (Groundball, 6D, EV 108.8 MPH) Mitchell Casey to second
|
Pitching: RHP Matt Alexander
|
|
Batting: RHB Kevin Ezell
|
0-0: Ball 1-0: Ball 2-0: SINGLE (Groundball, 56D, EV 104.4 MPH) Mitchell Casey to third Stephen Van Raalte to second
|
Batting: RHB Bob Magana
|
0-0: Called Strike 0-1: Called Strike 0-2: Ball 1-2: GRAND SLAM HOME RUN (Flyball, 7LD, EV 99.4 MPH), Distance : 359 ft
|
Batting: RHB Luis Hinostroza
|
0-0: Foul Ball, location: 2F 0-1: Foul Ball, location: 2F 0-2: Ball 1-2: Strikes out swinging
|
Batting: SHB Josh Vaill
|
0-0: Called Strike 0-1: Foul Ball, location: 2F 0-2: Strikes out swinging
|
Bottom of the 1st over - 6 runs, 5 hits, 0 errors, 0 left on base; Miami (APP) 0 - Ogden 6 |
TOP OF THE 2ND |
Miami (APP) Marlins batting - Pitching for Ogden Raptors : RHP Ian Wilson
|
Batting: RHB Keith Bennett
|
0-0: Ball 1-0: Ball 2-0: Swinging Strike 2-1: SINGLE (Groundball, 6D, EV 100.0 MPH)
|
Pitching: RHP Ramon Luna
|
|
Batting: RHB Rick Knoblauch
|
0-0: Ball 1-0: Ball 2-0: SINGLE (Groundball, 34D, EV 94.4 MPH) Keith Bennett to second
|
Batting: LHB Gavrilo Brkic
|
0-0: Ball 1-0: Foul Ball, location: 2F 1-1: Ball 2-1: Called Strike 2-2: Ball 3-2: Strikes out swinging
|
Batting: LHB Melvin Castro
|
0-0: Ball 1-0: Called Strike 1-1: Called Strike 1-2: Foul Ball, location: 2F 1-2: Ball 2-2: Strikes out looking
|
Batting: LHB Bryan Wedge
|
0-0: Ball 1-0: Ball 2-0: Ball 3-0: Called Strike 3-1: Base on Balls Keith Bennett to third Rick Knoblauch to second
|
Pitching: RHP Victor Delgado
|
|
Batting: RHB Adrian Bocker
|
0-0: Called Strike 0-1: SINGLE (Groundball, 4MD, EV 95.0 MPH) Keith Bennett scores Rick Knoblauch to third Bryan Wedge to second
|
Batting: RHB Jason Thrash
|
0-0: Swinging Strike 0-1: Foul Ball, location: 2F 0-2: Strikes out swinging
|
Top of the 2nd over - 1 run, 3 hits, 0 errors, 3 left on base; Miami (APP) 1 - Ogden 6 |
BOTTOM OF THE 2ND |
Ogden Raptors batting - Pitching for Miami (APP) Marlins : RHP Matt Alexander
|
Batting: SHB Darius Vinson
|
0-0: Ball 1-0: Foul Ball, location: 2F 1-1: Ball 2-1: Ball 3-1: Base on Balls
|
Pitching: LHP Tyler Murders
|
|
Batting: LHB Santiago Chavira
|
0-0: Reached on error, E4 (Groundball, 4, EV 100.6 MPH) Darius Vinson to second
|
Batting: LHB Mike Dickinson
|
0-0: Called Strike 0-1: Called Strike 0-2: Ball 1-2: 3-RUN HOME RUN (Flyball, 89XD, EV 105.0 MPH), Distance : 420 ft
|
Batting: LHB Mitchell Casey
|
0-0: Called Strike 0-1: Ball 1-1: Ball 2-1: DOUBLE (Line Drive, 78M, EV 98.8 MPH)
|
Batting: LHB Stephen Van Raalte
|
0-0: Swinging Strike 0-1: Ball 1-1: Swinging Strike 1-2: Strikes out swinging
|
Batting: RHB Kevin Ezell
|
0-0: Ground out 5-3 (Groundball, 56, EV 80.6 MPH)
|
Batting: RHB Bob Magana
|
0-0: Ball 1-0: Ball 2-0: Ball 3-0: Base on Balls
|
Batting: RHB Luis Hinostroza
|
0-0: Ball 1-0: Ball 2-0: Ball 3-0: Called Strike 3-1: Base on Balls Mitchell Casey to third Bob Magana to second
|
Batting: SHB Josh Vaill
|
0-0: Ball 1-0: Ball 2-0: Foul Ball, location: 2F 2-1: Ball 3-1: Reached on error, E5 (Groundball, 5, EV 78.8 MPH) Mitchell Casey scores Bob Magana to third Luis Hinostroza to second
|
Batting: SHB Darius Vinson
|
0-0: Ball 1-0: Ball 2-0: Ball 3-0: Called Strike 3-1: Base on Balls Bob Magana scores Luis Hinostroza to third Josh Vaill to second
|
Pitching: RHP Jeremy Akande
|
|
Batting: LHB Santiago Chavira
|
0-0: SINGLE (Groundball, 13S, EV 75.0 MPH) (infield hit) Luis Hinostroza scores Josh Vaill to third Darius Vinson to second
|
Batting: LHB Mike Dickinson
|
0-0: Ball 1-0: Ball 2-0: Ball 3-0: Called Strike 3-1: Called Strike 3-2: Base on Balls Josh Vaill scores Darius Vinson to third Santiago Chavira to second
|
Batting: LHB Mitchell Casey
|
0-0: Ball 1-0: Ball 2-0: Called Strike 2-1: Ball 3-1: Base on Balls Darius Vinson scores Santiago Chavira to third Mike Dickinson to second
|
Batting: LHB Stephen Van Raalte
|
0-0: Swinging Strike 0-1: Called Strike 0-2: Strikes out swinging
|
Bottom of the 2nd over - 8 runs, 3 hits, 2 errors, 3 left on base; Miami (APP) 1 - Ogden 14 |
TOP OF THE 3RD |
Miami (APP) Marlins batting - Pitching for Ogden Raptors : RHP Victor Delgado
|
Batting: RHB Mario Cota
|
0-0: Ball 1-0: Ball 2-0: Ground out 6-3 (Groundball, 6, EV 109.4 MPH)
|
Batting: SHB Matt Moore
|
0-0: Ball 1-0: SINGLE (Line Drive, 4D, EV 95.0 MPH)
|
Batting: RHB Keith Bennett
|
0-0: Called Strike 0-1: Fielders Choice at 2nd, 6-4 (Groundball, 6S, EV 90.0 MPH)
|
Batting: RHB Rick Knoblauch
|
0-0: Foul Ball, location: 2F 0-1: SINGLE (Line Drive, 4MD, EV 103.1 MPH) Keith Bennett to second
|
Batting: LHB Gavrilo Brkic
|
0-0: Called Strike 0-1: Swinging Strike 0-2: SINGLE (Groundball, 6MD, EV 108.8 MPH) Keith Bennett to third Rick Knoblauch to second Runner from 3rd tries for Home, SAFE, throw by CF to home
|
Batting: LHB Melvin Castro
|
0-0: Called Strike 0-1: Swinging Strike 0-2: Ball 1-2: Foul Ball, location: 2F 1-2: Foul Ball, location: 2F 1-2: Foul Ball, location: 2F 1-2: Strikes out swinging
|
Top of the 3rd over - 1 run, 3 hits, 0 errors, 2 left on base; Miami (APP) 2 - Ogden 14 |
BOTTOM OF THE 3RD |
Ogden Raptors batting - Pitching for Miami (APP) Marlins : RHP Jeremy Akande
|
Batting: RHB Kevin Ezell
|
0-0: Called Strike 0-1: Ball 1-1: Foul Ball, location: 2F 1-2: Ball 2-2: Strikes out swinging
|
Pitching: LHP Mike Wasson
|
|
Batting: RHB Bob Magana
|
0-0: Swinging Strike 0-1: Ball 1-1: Ball 2-1: Foul Ball, location: 2F 2-2: Foul Ball, location: 2F 2-2: Ball 3-2: Foul Ball, location: 2F 3-2: Base on Balls
|
Batting: RHB Luis Hinostroza
|
0-0: SINGLE (Flyball, 8LS, EV 93.8 MPH) Bob Magana to second
|
Batting: SHB Josh Vaill
|
0-0: Ball 1-0: Swinging Strike 1-1: Swinging Strike 1-2: Ball 2-2: Ball 3-2: Base on Balls Bob Magana to third Luis Hinostroza to second
|
Batting: SHB Darius Vinson
|
0-0: Ball 1-0: Ball 2-0: Ball 3-0: Base on Balls Bob Magana scores Luis Hinostroza to third Josh Vaill to second
|
Batting: LHB Santiago Chavira
|
0-0: SINGLE (Groundball, 34D, EV 103.1 MPH) Luis Hinostroza scores Josh Vaill to third Darius Vinson to second
|
Batting: LHB Mike Dickinson
|
0-0: Called Strike 0-1: Ball 1-1: Ball 2-1: Ball 3-1: Base on Balls Josh Vaill scores Darius Vinson to third Santiago Chavira to second
|
Batting: LHB Mitchell Casey
|
0-0: Ball Wild Pitch! Darius Vinson scores Santiago Chavira to third Mike Dickinson to second 1-0: Ball 2-0: Foul Ball, location: 2F 2-1: Foul Ball, location: 2F 2-2: DOUBLE (Flyball, 89D, EV 103.1 MPH) Santiago Chavira scores Mike Dickinson scores
|
Batting: LHB Stephen Van Raalte
|
0-0: Ball 1-0: DOUBLE (Groundball, 3L, EV 103.1 MPH) Mitchell Casey scores
|
Batting: RHB Kevin Ezell
|
0-0: Ball 1-0: 2-RUN HOME RUN (Flyball, 78XD, EV 105.0 MPH), Distance : 421 ft
|
Batting: RHB Bob Magana
|
0-0: Reached on error, E4 (Groundball, 4, EV 93.8 MPH)
|
Batting: RHB Luis Hinostroza
|
0-0: Ball 1-0: Called Strike 1-1: Ball 2-1: Ball 3-1: SINGLE (Line Drive, 89S, EV 86.9 MPH) Bob Magana to second
|
Batting: SHB Josh Vaill
|
0-0: Ball 1-0: SINGLE (Flyball, 6MD, EV 85.0 MPH) Bob Magana to third Luis Hinostroza to second
|
Batting: SHB Darius Vinson
|
0-0: Foul Ball, location: 2F 0-1: Ball 1-1: Ball 2-1: Fielders Choice at 2nd, 6-4 (Groundball, 6, EV 86.9 MPH) Bob Magana scores Luis Hinostroza to third
|
Batting: LHB Santiago Chavira
|
0-0: Fly out, F8 (Flyball, 8RS, EV 87.5 MPH)
|
Bottom of the 3rd over - 10 runs, 7 hits, 1 error, 2 left on base; Miami (APP) 2 - Ogden 24 |
TOP OF THE 4TH |
Miami (APP) Marlins batting - Pitching for Ogden Raptors : RHP Victor Delgado
|
Pitching: RHP Charles Durand
|
|
Batting: LHB Bryan Wedge
|
0-0: Ground out 4-3 (Groundball, 4, EV 83.1 MPH)
|
Batting: RHB Adrian Bocker
|
0-0: Ground out 6-3 (Groundball, 6, EV 80.0 MPH)
|
Batting: RHB Jason Thrash
|
0-0: Called Strike 0-1: Ball 1-1: Ball 2-1: Swinging Strike 2-2: Strikes out swinging
|
Top of the 4th over - 0 runs, 0 hits, 0 errors, 0 left on base; Miami (APP) 2 - Ogden 24 |
BOTTOM OF THE 4TH |
Ogden Raptors batting - Pitching for Miami (APP) Marlins : LHP Mike Wasson
|
Batting: LHB Mike Dickinson
|
0-0: Called Strike 0-1: Foul Ball, location: 2F 0-2: Ball 1-2: Ball 2-2: Ball 3-2: Base on Balls
|
Batting: LHB Mitchell Casey
|
0-0: Called Strike 0-1: Swinging Strike 0-2: Ball 1-2: Foul Ball, location: 2F 1-2: Strikes out swinging
|
Batting: LHB Stephen Van Raalte
|
0-0: Ball Wild Pitch! Mike Dickinson to second 1-0: Ball 2-0: Ball 3-0: Base on Balls
|
Batting: RHB Kevin Ezell
|
0-0: Ball 1-0: Called Strike 1-1: Ball 2-1: Foul Ball, location: 2F 2-2: Ball 3-2: Foul Ball, location: 2F 3-2: Base on Balls Mike Dickinson to third Stephen Van Raalte to second
|
Batting: RHB Bob Magana
|
0-0: Called Strike 0-1: Ball 1-1: Ball 2-1: Foul Ball, location: 2F 2-2: Ball 3-2: Strikes out swinging
|
Batting: RHB Luis Hinostroza
|
0-0: SINGLE (Groundball, 6MD, EV 100.6 MPH) Mike Dickinson scores Stephen Van Raalte to third Kevin Ezell to second Runner from 3rd tries for Home, SAFE, throw by CF to home
|
Batting: SHB Josh Vaill
|
0-0: Ball 1-0: Called Strike 1-1: Ball 2-1: Ball 3-1: Base on Balls Kevin Ezell to third Luis Hinostroza to second
|
Batting: SHB Darius Vinson
|
0-0: Ball 1-0: Foul Ball, location: 2F 1-1: Ball 2-1: Swinging Strike 2-2: Ball 3-2: Base on Balls Kevin Ezell scores Luis Hinostroza to third Josh Vaill to second
|
Batting: LHB Santiago Chavira
|
0-0: Ground out U3 (Groundball, 3, EV 106.9 MPH)
|
Bottom of the 4th over - 3 runs, 1 hit, 0 errors, 3 left on base; Miami (APP) 2 - Ogden 27 |
TOP OF THE 5TH |
Miami (APP) Marlins batting - Pitching for Ogden Raptors : RHP Charles Durand
|
Batting: RHB Mario Cota
|
0-0: Ball 1-0: Ball 2-0: Ground out 6-3 (Groundball, 6, EV 93.1 MPH)
|
Batting: SHB Matt Moore
|
0-0: Ball 1-0: SINGLE (Groundball, 34D, EV 103.1 MPH)
|
Batting: RHB Keith Bennett
|
0-0: Called Strike 0-1: Ball 1-1: Foul Ball, location: 2F 1-2: Strikes out looking
|
Batting: RHB Rick Knoblauch
|
0-0: Swinging Strike 0-1: Ball 1-1: Hit by Pitch Matt Moore to second
|
Pitching: RHP Justin Donovan
|
|
Batting: LHB Gavrilo Brkic
|
0-0: Ball 1-0: Called Strike 1-1: Called Strike 1-2: Ball 2-2: Strikes out swinging
|
Top of the 5th over - 0 runs, 1 hit, 0 errors, 2 left on base; Miami (APP) 2 - Ogden 27 |
BOTTOM OF THE 5TH |
Ogden Raptors batting - Pitching for Miami (APP) Marlins : LHP Mike Wasson
|
Batting: LHB Mike Dickinson
|
0-0: SINGLE (Groundball, 56D, EV 96.9 MPH)
|
Batting: LHB Mitchell Casey
|
0-0: Fly out, F6 (Popup, 6M, EV 50.6 MPH)
|
Batting: LHB Stephen Van Raalte
|
0-0: Foul Ball, location: 2F 0-1: Ball 1-1: Swinging Strike 1-2: Strikes out swinging
|
Batting: RHB Kevin Ezell
|
0-0: Ball 1-0: Ball 2-0: Foul Ball, location: 2F 2-1: Fielders Choice at 2nd, 6-4 (Groundball, 6D, EV 101.2 MPH)
|
Bottom of the 5th over - 0 runs, 1 hit, 0 errors, 1 left on base; Miami (APP) 2 - Ogden 27 |
TOP OF THE 6TH |
Miami (APP) Marlins batting - Pitching for Ogden Raptors : RHP Justin Donovan
|
Batting: LHB Melvin Castro
|
0-0: Fly out, F5 (Popup, 15S, EV 83.1 MPH)
|
Batting: LHB Bryan Wedge
|
0-0: Swinging Strike 0-1: Ball 1-1: Ball 2-1: Called Strike 2-2: Strikes out swinging
|
Batting: RHB Adrian Bocker
|
0-0: Called Strike 0-1: Called Strike 0-2: Strikes out swinging
|
Top of the 6th over - 0 runs, 0 hits, 0 errors, 0 left on base; Miami (APP) 2 - Ogden 27 |
BOTTOM OF THE 6TH |
Ogden Raptors batting - Pitching for Miami (APP) Marlins : LHP Mike Wasson
|
Batting: RHB Bob Magana
|
0-0: Ball 1-0: Ball 2-0: Called Strike 2-1: Swinging Strike 2-2: Ball 3-2: Foul Ball, location: 2F 3-2: Base on Balls
|
Batting: RHB Luis Hinostroza
|
0-0: Reached on error, E6 (Groundball, 6, EV 105.6 MPH) Bob Magana to second
|
Batting: SHB Josh Vaill
|
0-0: SINGLE (Groundball, 6M, EV 80.6 MPH) (infield hit) Bob Magana to third Luis Hinostroza to second
|
Batting: SHB Darius Vinson
|
0-0: Called Strike 0-1: Ball 1-1: Ball 2-1: Ball 3-1: Base on Balls Bob Magana scores Luis Hinostroza to third Josh Vaill to second
|
Batting: LHB Santiago Chavira
|
0-0: SINGLE (Groundball, 4MS, EV 74.4 MPH) (infield hit) Luis Hinostroza scores Josh Vaill to third Darius Vinson to second
|
Batting: LHB Mike Dickinson
|
0-0: Reached on error, E3 (Groundball, 34, EV 92.5 MPH) Josh Vaill scores Darius Vinson to third Santiago Chavira to second
|
Batting: LHB Mitchell Casey
|
0-0: Fly out, F9 (Flyball, 9, EV 73.8 MPH)
|
Batting: LHB Stephen Van Raalte
|
0-0: Called Strike 0-1: Swinging Strike 0-2: Ball 1-2: Ball 2-2: Foul Ball, location: 2F 2-2: Foul Ball, location: 2F 2-2: Ball 3-2: Base on Balls Darius Vinson scores Santiago Chavira to third Mike Dickinson to second
|
Batting: RHB Kevin Ezell
|
0-0: Fielders Choice at 2nd, 6-4 (Groundball, 6, EV 78.8 MPH) Santiago Chavira scores Mike Dickinson to third
|
Batting: RHB Bob Magana
|
0-0: Fielders Choice at 2nd, 6-4 (Groundball, 6, EV 103.8 MPH)
|
Bottom of the 6th over - 5 runs, 2 hits, 2 errors, 2 left on base; Miami (APP) 2 - Ogden 32 |
TOP OF THE 7TH |
Miami (APP) Marlins batting - Pitching for Ogden Raptors : RHP Justin Donovan
|
Batting: RHB Jason Thrash
|
0-0: Called Strike 0-1: Called Strike 0-2: Ball 1-2: SINGLE (Groundball, 6MD, EV 104.4 MPH)
|
Pitching: RHP Cory Fischer
|
|
Batting: RHB Mario Cota
|
0-0: Ball 1-0: Ball 2-0: Called Strike 2-1: SINGLE (Groundball, 56D, EV 101.2 MPH) Jason Thrash to second
|
Batting: SHB Matt Moore
|
0-0: Swinging Strike 0-1: Called Strike 0-2: Ball 1-2: Ball 2-2: Strikes out swinging
|
Batting: RHB Keith Bennett
|
0-0: Called Strike 0-1: Called Strike 0-2: Ball 1-2: Strikes out looking
|
Batting: RHB Rick Knoblauch
|
0-0: Ball 1-0: Foul Ball, location: 2F 1-1: Foul Ball, location: 2F 1-2: Ball 2-2: Fly out, F7 (Flyball, 7LM, EV 80.0 MPH)
|
Top of the 7th over - 0 runs, 2 hits, 0 errors, 2 left on base; Miami (APP) 2 - Ogden 32 |
BOTTOM OF THE 7TH |
Ogden Raptors batting - Pitching for Miami (APP) Marlins : LHP Mike Wasson
|
Batting: RHB Luis Hinostroza
|
0-0: Swinging Strike 0-1: Ground out 5-3 (Groundball, 56, EV 108.1 MPH)
|
Batting: SHB Josh Vaill
|
0-0: Ball 1-0: Ground out 5-3 (Groundball, 56, EV 85.6 MPH)
|
Batting: SHB Darius Vinson
|
0-0: Ball 1-0: Ball 2-0: Fly out, F7 (Line Drive, 7, EV 103.1 MPH)
|
Bottom of the 7th over - 0 runs, 0 hits, 0 errors, 0 left on base; Miami (APP) 2 - Ogden 32 |
TOP OF THE 8TH |
Miami (APP) Marlins batting - Pitching for Ogden Raptors : RHP Cory Fischer
|
Pitching: RHP Charles Blatchford
|
|
Batting: LHB Gavrilo Brkic
|
0-0: Ball 1-0: Ball 2-0: Ground out 5-3 (Groundball, 56, EV 81.2 MPH)
|
Batting: LHB Melvin Castro
|
0-0: Called Strike 0-1: Ground out U3 (Groundball, 3, EV 101.9 MPH)
|
Batting: LHB Bryan Wedge
|
0-0: Called Strike 0-1: Ball 1-1: Swinging Strike 1-2: Foul Ball, location: 2F 1-2: Strikes out swinging
|
Top of the 8th over - 0 runs, 0 hits, 0 errors, 0 left on base; Miami (APP) 2 - Ogden 32 |
BOTTOM OF THE 8TH |
Ogden Raptors batting - Pitching for Miami (APP) Marlins : LHP Mike Wasson
|
Batting: LHB Santiago Chavira
|
0-0: Ground out 6-3 (Groundball, 6, EV 90.6 MPH)
|
Batting: LHB Mike Dickinson
|
0-0: Called Strike 0-1: SINGLE (Groundball, 5D, EV 103.8 MPH)
|
Batting: LHB Mitchell Casey
|
0-0: Called Strike 0-1: SINGLE (Flyball, 5D, EV 90.6 MPH) Mike Dickinson to second
|
Batting: LHB Stephen Van Raalte
|
0-0: Called Strike 0-1: Fielders Choice at 2nd, 3-6 (Groundball, 3, EV 84.4 MPH) Mike Dickinson to third
|
Batting: RHB Kevin Ezell
|
0-0: Fielders Choice at 2nd, 5-4 (Groundball, 56, EV 83.1 MPH)
|
Bottom of the 8th over - 0 runs, 2 hits, 0 errors, 2 left on base; Miami (APP) 2 - Ogden 32 |
TOP OF THE 9TH |
Miami (APP) Marlins batting - Pitching for Ogden Raptors : RHP Charles Blatchford
|
Batting: RHB Adrian Bocker
|
0-0: Called Strike 0-1: Ball 1-1: Foul Ball, location: 2F 1-2: Fly out, F8 (Flyball, 8RD, EV 89.4 MPH)
|
Batting: RHB Jason Thrash
|
0-0: Swinging Strike 0-1: Called Strike 0-2: Ball 1-2: Ball 2-2: SINGLE (Groundball, 4D, EV 96.9 MPH)
|
Batting: RHB Mario Cota
|
0-0: Ball 1-0: Grounds into double play, 6-4-3 (Groundball, 6M, EV 88.1 MPH)
|
Top of the 9th over - 0 runs, 1 hit, 0 errors, 0 left on base; Miami (APP) 2 - Ogden 32 |
|